Map: [ESL] Oceanborn

Players

ShaDoWn

  • Race: Protoss Protoss
  • Spawn Location: 11:00

Ryung - Winner!

  • Race: Terran Terran
  • Spawn Location: 5:00

Event: ESL SC2 Masters 2023 Winter (Finals)

VOD

Have the link to the VOD?

Description

Time

  • Played on: Dec. 15, 2023, 2:53 p.m.
  • Length: 24:27

All games in this series

Show
View Real Time Build Order
Export as new Build Order

ShaDoWn Protoss 

Build Orders: 1 Gate Expand, Blink Stalkers 

Get SALT Encoding   

  12  0:00  Probe  
  13  0:12  Probe  
  14  0:17  Pylon  
  14  0:24  Probe  
  15  0:35  Gateway  
  15  0:38  Probe (Chrono Boost)  
  16  0:46  Probe (Chrono Boost)  
  16  0:47  Assimilator  
  17  0:53  Probe  
  18  1:05  Probe  
  19  1:17  Probe  
  20  1:25  Nexus  
  20  1:33  Cybernetics Core  
  20  1:36  Probe  
  21  1:43  Assimilator  
  21  1:48  Probe  
  22  1:55  Pylon  
  22  2:01  Probe  
  22  2:09  Warp Gate  
  22  2:10  Adept (Chrono Boost)  
  22  2:13  Probe  
  25  2:20  Twilight Council  
  25  2:25  Probe  
  26  2:33  Stalker  
  28  2:37  Probe x2  
  30  2:49  Probe x2  
  32  2:55  Blink (Chrono Boost)  
  32  2:57  Shield Battery  
  32  3:01  Probe  
  32  3:04  Probe  
  34  3:13  Probe  
  34  3:14  Gateway  
  34  3:17  Probe  
  36  3:25  Probe  
  36  3:26  Robotics Facility  
  37  3:29  Probe  
  38  3:34  Gateway  
  38  3:37  Probe  
  40  3:41  Probe  
  40  3:46  Pylon  
  40  3:49  Probe  
  40  3:53  Probe  
  42  4:00  Stalker  
  42  4:02  Probe  
  45  4:08  Probe  
  45  4:09  Pylon  
  46  4:13  Stalker  
  46  4:14  Probe  
  46  4:15  Warp Prism  
  51  4:21  Probe  
  51  4:25  Stalker  
  51  4:27  Probe  
  54  4:40  Stalker x2  
  54  4:41  Probe  
  54  4:43  Assimilator  
  58  4:49  Stalker  
  58  4:51  Observer  
  61  4:55  Pylon  
  61  4:59  Nexus  
  59  5:03  Probe  
  59  5:04  Probe  
  59  5:06  Pylon  
  61  5:15  Probe, Stalker  
  61  5:16  Stalker x2  
  61  5:20  Probe  
  69  5:21  Pylon  
  69  5:28  Probe  
  70  5:34  Probe  
  71  5:39  Stalker x3  
  71  5:40  Probe  
  78  5:44  Forge  
  78  5:46  Probe  
  79  5:53  Probe  
  80  6:02  Probe  
  80  6:03  Observer (Chrono Boost), Stalker  
  78  6:07  Probe  
  78  6:08  Stalker  
  78  6:09  Stalker  
  81  6:14  Probe  
  81  6:16  Probe  
  80  6:19  Probe  
  80  6:20  Observer  
  80  6:28  Probe  
  80  6:32  Probe (Chrono Boost)  
  76  6:34  Probe (Chrono Boost)  
  77  6:40  Probe (Chrono Boost)  
  77  6:44  Probe (Chrono Boost)  
  77  6:46  Probe (Chrono Boost)  
  80  6:50  Photon Cannon, Charge (Chrono Boost)  
  80  6:51  Probe (Chrono Boost)  
  80  6:52  Pylon  
  80  6:53  Probe x2 (Chrono Boost)  
  83  6:56  Probe (Chrono Boost)  
  83  6:57  Protoss Ground Weapons Level 1 (Chrono Boost)  
  83  6:59  Pylon, Probe  
  83  7:00  Assimilator, Probe  
  86  7:07  Probe  
  87  7:11  Probe  
  87  7:12  Probe  
  87  7:13  Gateway  
  87  7:14  Gateway  
  87  7:18  Gateway  
  87  7:19  Probe  
  87  7:20  Gateway  
  87  7:22  Gateway, Robotics Bay  
  88  7:23  Probe  
  88  7:29  Observer (Chrono Boost)  
  90  7:35  Nexus  
  90  7:36  Pylon x2  
  90  7:43  Stalker  
  90  7:44  Zealot x2  
  94  7:47  Observer  
  94  7:50  Pylon  
  95  7:59  Observer  
  95  8:02  Probe  
  95  8:04  Probe  
  96  8:06  Colossus (Chrono Boost)  
  96  8:11  Zealot x4  
  96  8:12  Zealot  
  112  8:13  Probe  
  112  8:14  Shield Battery, Probe  
  112  8:16  Probe  
  115  8:25  Probe  
  115  8:26  Probe  
  116  8:28  Probe  
  116  8:30  Zealot  
  118  8:35  Extended Thermal Lance (Chrono Boost)  
  118  8:37  Probe  
  118  8:38  Probe  
  118  8:40  Probe  
  118  8:41  Sentry, Zealot x4  
  123  8:42  Colossus (Chrono Boost)  
  123  8:47  Protoss Ground Weapons Level 2 (Chrono Boost)  
  135  8:49  Probe  
  135  8:50  Probe  
  135  8:51  Zealot x3  
  135  8:53  Probe  
  142  8:57  Probe  
  142  9:01  Forge  
  142  9:12  Zealot x3  
  148  9:22  Assimilator  
  148  9:23  Zealot, Colossus (Chrono Boost)  
  156  9:24  Assimilator  
  156  9:30  Nexus  
  155  9:36  Robotics Facility, Protoss Ground Armor Level 1 (Chrono Boost)  
  155  9:37  Pylon  
  155  9:40  Pylon  
  155  9:42  Probe  
  155  9:43  Pylon  
  156  9:45  Pylon  
  156  9:46  Dark Shrine  
  156  9:48  Pylon x2  
  156  9:55  Probe x2  
  156  9:56  Stalker x2  
  159  10:01  Probe x2  
  159  10:02  Photon Cannon  
  159  10:07  Probe  
  160  10:08  Probe  
  160  10:10  Observer (Chrono Boost)  
  160  10:13  Probe  
  160  10:14  Probe  
  164  10:19  Probe  
  164  10:20  Shield Battery, Probe  
  164  10:23  Photon Cannon  
  164  10:25  Shield Battery, Probe  
  164  10:26  Probe  
  165  10:31  Probe  
  165  10:34  Sentry, Disruptor (Chrono Boost), Photon Cannon  
  165  10:35  Disruptor (Chrono Boost)  
  176  10:37  Probe  
  176  10:40  Gateway  
  176  10:42  Probe  
  178  10:49  Gateway x3  
  178  10:50  Probe  
  178  10:51  Probe x2  
  178  10:53  Gateway  
  177  11:02  Disruptor (Chrono Boost)  
  181  11:05  Disruptor (Chrono Boost)  
  162  11:23  Zealot x5  
  162  11:25  Stalker x3  
  176  11:32  Disruptor (Chrono Boost)  
  166  11:37  Disruptor (Chrono Boost)  
  168  11:50  Pylon  
  160  11:55  Dark Templar  
  160  11:56  Zealot x8  
  160  11:57  Zealot x4  
  160  11:59  Assimilator  
  190  12:01  Assimilator  
  190  12:08  Colossus (Chrono Boost)  
  186  12:10  Protoss Ground Armor Level 2 (Chrono Boost)  
  186  12:13  Pylon  
  186  12:14  Colossus (Chrono Boost)  
  186  12:15  Pylon  
  170  12:16  Stalker  
  170  12:17  Zealot x9  
  190  12:25  Nexus, Protoss Ground Weapons Level 3 (Chrono Boost)  
  170  12:53  Zealot x13  
  170  12:54  Shadow Stride (Chrono Boost)  
  197  12:59  Pylon  
  198  13:05  Observer (Chrono Boost)  
  198  13:08  Observer (Chrono Boost)  
  198  13:12  Nexus  
  184  13:25  Colossus (Chrono Boost)  
  184  13:33  Stalker, Probe  
  179  13:43  Pylon  
  181  13:49  Warp Prism (Chrono Boost), Stalker  
  181  13:53  Pylon  
  179  13:58  Probe  
  144  14:11  Zealot x2, Stalker x4  
  144  14:12  Zealot x7  
  160  14:20  Observer (Chrono Boost)  
  161  14:30  Disruptor (Chrono Boost)  
  157  14:36  Dark Templar x10, Zealot x3, Colossus (Chrono Boost)  
  168  14:52  Disruptor (Chrono Boost)  
  162  14:53  Probe, Pylon  
  153  15:12  Zealot x13  
  171  15:14  Protoss Ground Armor Level 3 (Chrono Boost)  
  171  15:15  Protoss Shields Level 1 (Chrono Boost), Photon Cannon  
  171  15:16  Shield Battery  
  171  15:20  Disruptor (Chrono Boost)  
  179  15:33  Disruptor (Chrono Boost)  
  179  15:41  Disruptor (Chrono Boost)  
  177  15:47  Observer  
  177  15:48  Nexus  
  181  15:51  Dark Templar  
  181  15:52  Dark Templar  
  185  15:59  Disruptor  
  185  16:03  Observer  
  185  16:04  Stargate  
  187  16:14  Dark Templar x4  
  187  16:15  Dark Templar x2  
  195  16:39  Nexus, Observer  
  197  16:41  Nexus  
  197  16:45  Photon Cannon, Shield Battery  
  197  16:47  Photon Cannon  
  195  16:55  Warp Prism (Chrono Boost)  
  195  16:56  Gateway  
  195  16:57  Gateway, Stalker x2  
  195  16:59  Gateway  
  195  17:01  Gateway  
  199  17:03  Gateway  
  199  17:06  Gateway  
  191  17:12  Stalker x5  
  197  17:22  Stalker x4  
  193  17:31  Void Ray (Chrono Boost)  
  184  17:39  Probe  
  184  17:43  Disruptor  
  163  17:45  Observer  
  155  17:52  Disruptor  
  156  17:59  Stalker x3  
  156  18:00  Zealot x9, Stalker x4  
  156  18:01  Zealot x2  
  175  18:19  Disruptor  
  179  18:22  Zealot x9  
  179  18:23  Nexus, Zealot  
  191  18:44  Observer  
  178  18:59  Disruptor  
  178  19:02  Disruptor  
  156  19:06  Dark Templar  
  156  19:07  Dark Templar x5, Zealot x9  
  190  19:17  Assimilator  
  190  19:20  Assimilator  
  181  19:33  Probe  
  181  19:35  Pylon  
  166  19:40  Zealot x5, Stalker x7  
  188  19:47  Protoss Shields Level 2 (Chrono Boost)  
  188  19:49  Pylon  
  188  19:55  Observer  
  181  20:10  Stalker x5  
  166  20:29  Stalker x3  
  166  20:30  Stalker x2  
  157  20:38  Stalker x2  
  157  20:39  Zealot x4, Stalker  
  171  20:47  Probe  
  138  20:50  Probe  
  138  20:51  Disruptor  
  138  20:55  Probe  
  108  20:58  Zealot, Stalker x2  
  103  21:06  Zealot x3  
  105  21:27  Probe  
  100  21:32  Colossus (Chrono Boost)  
  100  21:37  Zealot x4  
  100  21:38  Zealot  
  122  21:44  Colossus (Chrono Boost)  
  120  21:48  Stalker x3  
  123  22:00  Stalker x3  
  98  22:35  Stalker x10  
  110  22:42  Photon Cannon  
  108  22:47  Disruptor (Chrono Boost)  
  110  22:53  Probe  
  110  22:55  Stalker x2  
  110  22:59  Zealot x2  
  100  23:08  Zealot x2  
  94  23:18  Stalker x3  
  100  23:30  Stalker x3  
  106  23:42  Disruptor (Chrono Boost)  
  114  23:52  Disruptor (Chrono Boost)  
  59  24:17  Stalker x2  
  59  24:18  Zealot x7  
Show
View Real Time Build Order
Export as new Build Order

Ryung Terran - Winner!

Build Orders: Banshee Rush 

Get SALT Encoding   

  12  0:00  SCV  
  13  0:12  SCV  
  14  0:17  Supply Depot  
  14  0:24  SCV  
  15  0:38  SCV  
  15  0:39  Barracks  
  16  0:42  Refinery  
  16  0:50  SCV  
  16  0:52  Refinery  
  17  1:02  SCV  
  18  1:04  Supply Depot  
  18  1:14  SCV  
  19  1:26  Reaper  
  19  1:28  Orbital Command  
  20  1:44  Factory  
  20  1:53  SCV  
  21  2:05  SCV  
  21  2:08  Barracks Reactor  
  22  2:18  SCV  
  22  2:22  Command Center  
  23  2:30  Starport  
  23  2:31  SCV  
  24  2:37  Supply Depot  
  24  2:43  SCV  
  24  2:44  Widow Mine  
  27  2:47  Marine  
  27  2:48  Marine  
  29  2:55  SCV  
  30  3:07  SCV, Medivac  
  30  3:08  Marine x2  
  37  3:19  SCV  
  37  3:20  Factory Tech Lab  
  37  3:25  Marine  
  37  3:26  Marine  
  37  3:31  SCV  
  38  3:43  SCV, Marine x2  
  38  3:45  Factory Tech Lab  
  38  3:46  Banshee, Cloaking Field  
  44  3:52  Orbital Command  
  44  3:56  SCV  
  44  4:01  Marine x2  
  47  4:09  SCV  
  47  4:10  Siege Tank  
  47  4:13  Supply Depot  
  50  4:19  SCV  
  50  4:22  SCV  
  50  4:23  Marine x2  
  54  4:35  Banshee, SCV x2  
  54  4:37  Supply Depot  
  59  4:41  Bunker  
  57  4:47  SCV x2  
  57  4:50  Siege Tank  
  62  4:59  SCV x2, Marine x2  
  66  5:00  Barracks  
  66  5:03  Supply Depot  
  66  5:10  Refinery  
  66  5:11  SCV x2  
  68  5:19  Raven, Engineering Bay  
  70  5:24  SCV  
  70  5:25  SCV  
  70  5:27  Barracks  
  71  5:33  Marine x2  
  72  5:37  Supply Depot  
  72  5:40  SCV  
  72  5:41  SCV  
  74  5:44  Siege Tank  
  74  5:45  Refinery  
  74  5:47  Supply Depot  
  73  5:57  SCV x2  
  69  6:05  Marine x2  
  69  6:08  Starport Reactor  
  69  6:09  SCV x2  
  73  6:14  Stimpack  
  73  6:15  Barracks Tech Lab  
  73  6:18  Terran Infantry Weapons Level 1  
  73  6:23  SCV x2  
  70  6:29  Marine  
  70  6:30  Marine  
  70  6:31  Marine  
  73  6:35  SCV x2  
  75  6:43  Combat Shield  
  75  6:47  SCV x2  
  75  6:52  Command Center  
  77  6:59  SCV x2  
  79  7:07  Factory Reactor  
  79  7:11  SCV x2  
  79  7:12  Marine  
  79  7:13  Marine x3  
  85  7:20  Medivac x2  
  89  7:23  SCV x2  
  89  7:24  Barracks x2  
  91  7:33  Marauder, Marine  
  94  7:40  Supply Depot  
  94  7:41  Marine  
  94  7:44  Supply Depot  
  94  7:45  Supply Depot  
  94  8:00  SCV  
  94  8:01  Marine, Medivac x2, Marauder, SCV  
  94  8:02  Widow Mine  
  94  8:04  Widow Mine, Marauder, Marine  
  107  8:12  SCV  
  107  8:13  Barracks Reactor, Concussive Shells, Marauder, SCV  
  111  8:22  Marauder  
  111  8:23  Supply Depot  
  111  8:24  Supply Depot  
  111  8:25  SCV x2  
  115  8:28  Marine x2  
  115  8:29  Marauder  
  115  8:31  Orbital Command  
  119  8:34  Widow Mine x2, Marauder  
  119  8:37  SCV  
  119  8:38  SCV  
  127  8:41  Medivac x2  
  127  8:47  Supply Depot  
  127  8:48  Terran Infantry Armor Level 1, Supply Depot  
  129  8:49  SCV  
  129  8:50  SCV  
  129  8:54  Marauder, Marine  
  129  8:55  Marine, Marauder  
  136  8:56  Marine  
  136  9:01  SCV x2  
  136  9:02  SCV  
  140  9:03  Widow Mine x2  
  144  9:14  Armory  
  144  9:15  Viking x2, Engineering Bay  
  148  9:20  Refinery  
  148  9:22  Refinery  
  148  9:29  SCV x3  
  151  9:31  Ghost Academy  
  151  9:33  Missile Turret, Marauder x2  
  151  9:34  Marauder  
  156  9:43  SCV x3  
  159  9:46  Viking x2, Supply Depot  
  162  9:56  Marine  
  162  9:57  Marauder  
  165  10:02  Supply Depot  
  165  10:03  Terran Infantry Weapons Level 2  
  165  10:07  Marine x3  
  165  10:08  Marauder x2  
  165  10:09  Supply Depot  
  172  10:14  Marine  
  173  10:23  Ghost  
  173  10:24  Viking x2  
  173  10:25  Marine x2  
  181  10:30  Ghost x2  
  181  10:31  Terran Ship Weapons Level 1, Missile Turret  
  181  10:33  Missile Turret  
  181  10:34  Widow Mine x2  
  189  10:43  Terran Infantry Armor Level 2  
  189  10:48  Command Center  
  189  10:54  Marine x2  
  189  11:18  Viking x2, Marauder x2, Marine x2  
  177  11:22  Marauder, Marine x2  
  180  11:37  Barracks x2  
  180  11:38  Barracks  
  184  11:40  Marauder x2  
  178  11:48  Widow Mine x2  
  178  11:49  SCV  
  178  11:50  SCV x2  
  178  11:51  Marine x4  
  185  11:58  Marauder  
  190  12:01  Marauder x2  
  178  12:09  SCV x3, Marine x4  
  171  12:17  Medivac x2  
  171  12:19  Marauder  
  171  12:21  SCV x3  
  171  12:22  Terran Infantry Weapons Level 3, Marauder x2  
  184  12:32  Widow Mine x2  
  184  12:33  SCV x3  
  191  12:41  Marauder  
  191  12:42  Marine x3  
  200  12:44  Marauder x2  
  200  12:45  Barracks Tech Lab x2  
  200  12:46  Barracks Reactor  
  200  12:50  Missile Turret  
  198  13:03  Fusion Core  
  198  13:05  Starport  
  198  13:10  Ghost  
  200  13:18  Planetary Fortress  
  198  13:27  Ghost x2  
  198  13:28  Ghost  
  197  13:39  Command Center  
  197  13:43  Sensor Tower  
  197  13:47  Terran Infantry Armor Level 3  
  199  13:48  Marine, Marauder  
  199  13:49  Refinery  
  199  13:50  Refinery  
  195  14:01  Marine x2, Marauder x2  
  181  14:16  Marine x4  
  181  14:17  Ghost x2  
  181  14:19  Marine  
  184  14:26  Marine x4  
  185  14:40  Advanced Ballistics  
  185  14:50  Marauder x4  
  185  14:51  Marauder  
  191  14:54  Missile Turret  
  190  15:11  SCV x3  
  193  15:17  Sensor Tower  
  193  15:18  Terran Ship Weapons Level 2  
  193  15:35  SCV x2  
  193  15:36  SCV  
  196  15:42  Missile Turret  
  196  15:43  Sensor Tower  
  196  15:47  SCV  
  196  15:49  Liberator x2  
  199  16:02  Caduceus Reactor  
  199  16:10  Hi-Sec Auto Tracking  
  196  16:20  SCV x3  
  196  16:24  Planetary Fortress  
  196  16:26  Marauder  
  196  16:27  Marauder  
  196  16:48  Liberator, Command Center  
  196  16:49  Command Center  
  196  16:50  Sensor Tower  
  199  16:55  Command Center  
  199  16:56  Command Center  
  199  16:57  Missile Turret  
  195  17:09  Refinery  
  195  17:13  Liberator  
  198  17:17  Starport  
  196  17:23  Refinery  
  196  17:28  Command Center  
  195  17:39  Liberator  
  193  17:46  Marine, Marauder  
  193  17:47  Marauder x2, Marine  
  193  17:49  Marine x2  
  183  17:54  Liberator  
  183  17:55  Liberator  
  180  18:00  Liberator  
  182  18:06  SCV  
  182  18:07  SCV x3  
  186  18:17  Orbital Command  
  186  18:30  Missile Turret  
  173  18:43  Marine x2, Marauder x4  
  173  18:47  Marauder  
  167  18:51  Marine x4  
  149  19:03  Orbital Command  
  149  19:04  Marauder  
  149  19:05  Liberator x4  
  163  19:14  Marine x6  
  163  19:15  Marauder x4  
  174  19:31  Marauder  
  174  19:34  Marine x4  
  174  19:36  Marine, Marauder x2  
  157  19:43  SCV  
  155  20:08  Marauder x2, Marine x3  
  155  20:12  Marine  
  155  20:13  Marine x4  
  167  20:15  Planetary Fortress  
  143  20:36  Marauder x3, Marine x2  
  143  20:39  Marine  
  152  20:49  Marine, Marauder  
  137  20:50  Marine  
  137  20:53  Marine  
  123  21:00  Marauder  
  123  21:02  Marine  
  124  21:04  Marine  
  125  21:19  Ghost  
  125  21:24  Marine x3  
  127  21:26  Orbital Command  
  122  21:33  Ghost  
  122  21:34  Ghost  
  122  21:35  Marine x2  
  122  21:39  SCV x2  
  130  21:41  SCV  
  131  21:49  Ghost  
  131  21:50  Ghost  
  135  21:58  Ghost  
  137  22:02  Ghost  
  137  22:06  Missile Turret, Marine x3  
  142  22:14  Marine x3, Marauder  
  147  22:18  Marine  
  147  22:19  Marauder  
  150  22:24  Marine x3  
  150  22:27  Marauder  
  146  22:31  Marauder  
  146  22:32  Marine x3  
  146  22:35  Marine  
  152  22:38  SCV x3  
  152  22:40  Liberator x2  
  136  23:07  Marauder x2  
  136  23:09  Marauder x2  
  136  23:10  SCV x4  
  136  23:11  SCV  
  136  23:12  Liberator x2  
  150  23:20  Missile Turret  
  150  23:22  Liberator  
  150  23:26  Liberator  
  155  23:44  Marauder x3  
  161  23:54  Marauder  
  161  23:55  Marauder  
  165  23:56  Marine  
  165  23:59  Marine  
  165  24:00  Marine  
  157  24:06  Marauder x3  
Tags
 
Add a new tag
Caveats
  • Supply blocks, unpowered buildings, or Contaminate may cause inaccurate times.
  • Supply counts are checked every 10 seconds.